 Dungeon Crawl Stone Soup version 0.29-a0-1047-g7c58e119a4 (webtiles) character file.

Game seed: 17534519893186209416

65 Zeldest the Trooper (level 4, -7/32 HPs)
             Began as a Hill Orc Abyssal Knight on Aug 16, 2022.
             Was a Believer of Lugonu.
             Killed from afar by Natasha (10 damage)
             ... with a magic dart
             ... on level 2 of the Dungeon on Aug 17, 2022.
             The game lasted 00:02:25 (1226 turns).

Zeldest the Trooper (Hill Orc Abyssal Knight)       Turns: 1226, Time: 00:02:26

Health: -7/32      AC: 13    Str: 15 (17) XL:     4   Next: 13%
Magic:  5/6        EV:  9    Int:  9 (10) God:    Lugonu [**....]
Gold:   144        SH:  0    Dex:  4 (7)  Spells: 3/3 levels left

rFire   . . .      SeeInvis .   a - +1 hand axe
rCold   . . .      Faith    .   (no shield)
rNeg    . . .      Spirit   .   k - +3 scale mail
rPois   .          Reflect  .   b - +0 helmet
rElec   +          Harm     .   (no cloak)
rCorr   .          Rampage  .   i - +1 pair of gloves
Will    .....      Rnd*Tele +   (no boots)
Stlth   ..........              (no amulet)
HPRegen 0.10/turn               (no ring)
MPRegen 0.10/turn               (no ring)

@: mighty, slowed, very slow
A: electricity resistance, [clumsy 2], [frail 2], [teleportitis 2]
a: Renounce Religion, Depart the Abyss, Bend Space


You were on level 2 of the Dungeon.
You worshipped Lugonu.
Lugonu was pleased with you.
You visited 1 branch of the dungeon, and saw 2 of its levels.
You visited the Abyss 1 time.

You collected 144 gold pieces.

Inventory:

Hand Weapons
 a - a +1 hand axe (weapon)
Armour
 b - a +0 helmet (worn)
 i - a +1 pair of gloves (worn)
 k - a +3 scale mail (worn)
Scrolls
 d - a scroll of identify {unknown}
 e - a scroll of teleportation {unknown}
 g - a scroll of amnesia {unknown}
Potions
 f - a potion of mutation
 h - a potion of might


   Skills:
 + Level 4.1 Fighting
 + Level 3.5 Axes
 + Level 2.9 Armour
 - Level 1.3 Dodging
 + Level 3.2 Invocations


You had 3 spell levels left.
You didn't know any spells.
Your spell library contained the following spells:

 Spells                   Type           Power      Damage    Failure   Level
 Slow                     Hex            0%         N/A       83%         1
 Confusing Touch          Hex            0%         N/A       99%         3
 Vampiric Draining        Necr           0%         2d6       99%         3


Dungeon Overview and Level Annotations

Branches:
Dungeon (2/15)

Altars:

Annotations:
D:2 Natasha


Innate Abilities, Weirdness & Mutations

You are resistant to electric shocks. (rElec)
[You are very clumsy. (Dex -4)]
[You are very frail. (-20% HP)]
[You are often teleported next to monsters.]


Message History

The crimson imp barely misses you. The white imp gestures at you.
The puff of frost hits you. Natasha barely misses you.
You closely miss Natasha.
Natasha is severely wounded.
You hit the white imp. You closely miss the crimson imp.
The crimson imp hits you. The white imp gestures at you.
The puff of frost hits you.
* * * LOW HITPOINT WARNING * * *
Natasha mumbles some strange words.
Natasha shimmers violently.
Natasha claws you.
* * * LOW HITPOINT WARNING * * *
The white imp completely misses you.
The crimson imp hits you but does no damage.
You closely miss Natasha.
Natasha is severely wounded.
You hit the white imp.
You kill the white imp!
The white imp disappears in a puff of smoke!
You hit the crimson imp. Natasha claws you but does no damage.
The crimson imp hits you but does no damage.
Natasha mumbles some strange words.
Space bends violently around you!
You blink.
You aren't carrying any items that you can evoke.
It was a potion of mutation.
You feel extremely strange.
You feel stupid.
You feel clever.
You feel insulated.
The crimson imp disappears in a puff of smoke!
Natasha stares at you and mumbles some strange words.
You resist with some effort.
It was a potion of might.
You feel very mighty all of a sudden.
The white imp grins evilly.
It was a potion of degeneration.
There was something very wrong with that liquid.
You feel weakened.
You feel dopey.
You feel clumsy. Natasha casts a spell at you. The magic dart hits you!
You die...

....#.#
#.........#.#.###..#.
....#.#
#.......###........#.
....#.#
#.......#.......#..#.
....#+##
#.............#.#..#'
...... $
#.........###.#..<...
...... #.
#.........###.##.....
>.....
#.####.............##.....
##....
#5$.##........#######.....
.... #ยง##.h.@....# #.....
... #...5.......# #.....
############# #.....
#....> #..... #.....
#..... ######


You could see Natasha and a white imp (summoned).

Vanquished Creatures
  An adder (D:2)
  3 worms (D:2)
  2 dart slugs (D:1)
  8 ball pythons
  3 bats
  2 endoplasms (D:1)
  2 giant cockroaches (D:1)
  3 goblins
  2 hobgoblins
  3 jackals (D:1)
  2 quokkas
  3 frilled lizards
  4 kobolds
  A rat (D:1)
39 creatures vanquished.

Notes
Turn   | Place    | Note
-------+----------+-------------------------------------------
     0 | Abyss:1  | Zeldest the Hill Orc Abyssal Knight began the quest for the
                  | Orb.
     0 | Abyss:1  | Reached XP level 1. HP: 19/19 MP: 2/2
    32 | Abyss:1  | Noticed a wretched star
    50 | D:1      | Escaped the Abyss
   136 | D:1      | Reached ** piety under Lugonu
   184 | D:1      | Reached skill level 1 in Dodging
   184 | D:1      | Reached XP level 2. HP: 13/21 MP: 3/3
   471 | D:1      | Reached XP level 3. HP: 25/26 MP: 5/5
   512 | D:1      | Reached skill level 4 in Fighting
  1116 | D:2      | Reached XP level 4. HP: 29/32 MP: 6/6
  1197 | D:2      | Noticed Natasha
  1224 | D:2      | Gained mutation: You are dopey. (Int -2) [potion of
                  | mutation]
  1224 | D:2      | Lost mutation: You are dopey. (Int -2) [potion of mutation]
  1224 | D:2      | Gained mutation: You are resistant to electric shocks.
                  | (rElec) [potion of mutation]
  1226 | D:2      | Killed from afar by Natasha

Illustrated notes

Levels and vault maps discovered:
D:1:      minmay_arrival_three_doors, layout_basic
D:2:      layout_basic, serial_glass, glass_columns_c, glass_columns_c,
          uniq_natasha

Skill      XL: |  1  2  3 |
---------------+----------+-----
Dodging        | 1 |  1.3
Axes           | 3 |  3.5
Fighting       | 4 |  4.1
Invocations    | 3 |  3.2
Armour         | |  2.9

Action                   |  1- 3 |  4- 6 || total
-------------------------+-------+-------++-------
Melee: Hand axe          |    90 |    22 ||   112
       Punch             |     2 |     2 ||     4
Invok: Depart the Abyss  |     1 |       ||     1
       Bend Space        |       |     1 ||     1
  Use: Potion            |       |     6 ||     6
Armor: Leather armour    |    13 |       ||    13
       Scale mail        |    28 |    23 ||    51
Dodge: Dodged            |    65 |    29 ||    94

Table legend: (Time is in decaauts)
 A = Elapsed time spent in this place.
 B = Non-inter-level travel time spent in this place.
 C = Inter-level travel time spent in this place.
 D = Time resting spent in this place.
 E = Time spent auto-exploring this place.
 F = Levels seen in this place.
 G = Mean time per level.
                   A        B        C        D        E       F      G
               +--------+--------+--------+--------+--------+-----+--------+
         Total |   1252 |   1196 |     56 |    345 |    520 |   3 |  417.3 |
       Dungeon |   1202 |   1146 |     56 |    345 |    520 |   2 |  601.0 |
         Abyss |     50 |     50 |      0 |      0 |      0 |   1 |   50.0 |
               +--------+--------+--------+--------+--------+-----+--------+

Top non-repeatable levels by time:
     D:1: 910 daAuts
     D:2: 292 daAuts
 Abyss:1: 50 daAuts
